 Dungeon Crawl Stone Soup version 0.29-a0-551-gffc1d7fb78 (webtiles) character file.

Game seed: 14921352729304145745

43 xian the Magician (level 3, -14/25 HPs)
             Began as a Palentonga Hedge Wizard on June 5, 2022.
             Demolished by Crazy Yiuf
             ... wielding a +2 quarterstaff of chaos
              (22 damage)
             ... on level 2 of the Dungeon.
             The game lasted 00:05:33 (2311 turns).

xian the Magician (Palentonga Hedge Wizard)         Turns: 2311, Time: 00:05:35

Health: -14/25     AC:  4    Str: 13    XL:     3   Next: 37%
Magic:  5/8        EV:  9    Int: 16    God:
Gold:   69         SH:  2    Dex:  9    Spells: 7/9 levels left

rFire   . . .      SeeInvis +   a - +1 dagger
rCold   . . .      Faith    .   l - +0 buckler
rNeg    + . .      Spirit   .   b - +0 robe
rPois   .          Reflect  .   c - +0 hat
rElec   .          Harm     .   (no cloak)
rCorr   .          Rampage  .   (no gloves)
Will    +....                   (no barding)
Stlth   +.........              (no amulet)
HPRegen 0.08/turn               d - ring of willpower
MPRegen 0.11/turn               i - ring of positive energy

@: very slightly contaminated
A: large, rugged brown scales 3, see invisible, deformed body, roll 1, armoured
tail
a: Rolling Charge


You were on level 2 of the Dungeon.
You visited 1 branch of the dungeon, and saw 2 of its levels.

You collected 69 gold pieces.

Inventory:

Hand Weapons
 a - a +1 dagger (weapon)
Armour
 b - a +0 robe (worn)
 c - a +0 hat (worn)
 l - a +0 buckler (worn)
Jewellery
 d - a ring of willpower (left hand)
 i - a ring of positive energy (right hand)
Potions
 f - a potion of ambrosia
 h - 2 potions of invisibility
 k - a potion of cancellation {unknown}
 m - a potion of attraction
 n - a potion of degeneration {unknown}
 o - a potion of haste {unknown}


   Skills:
 + Level 1.9 Dodging
 + Level 1.3 Stealth
 + Level 3.8 Spellcasting
 + Level 1.4 Conjurations
 + Level 0.7 Summonings
 + Level 1.0 Translocations


You had 7 spell levels left.
You knew the following spells:

 Your Spells              Type           Power      Damage    Failure   Level
a - Magic Dart            Conj           28%        1d4       12%         1
b - Slow                  Hex            12%        N/A       22%         1

Your spell library contained the following spells:

 Spells                   Type           Power      Damage    Failure   Level
 Blink                    Tloc           12%        N/A       22%         2
 Call Imp                 Summ           5%         N/A       24%         2
 Static Discharge         Conj/Air       5%         N/A       24%         2
 Conjure Flame            Conj/Fire      5%         6-21      43%         3
 Mephitic Cloud           Conj/Pois/Air  4%         N/A       47%         3
 Sticky Flame             Conj/Fire      5%         2d3       85%         4
 Dispel Undead            Necr           3%         3d7       91%         4


Dungeon Overview and Level Annotations

Branches:
Dungeon (2/15)

Altars:

Annotations:
D:2 Crazy Yiuf


Innate Abilities, Weirdness & Mutations

You are completely covered in rugged brown scales. (AC +3, +7% HP)
You have supernaturally acute eyesight. (SInv)
Armour fits poorly on your strangely shaped body.
You can roll at nearby foes to attack.
You have a long armoured tail.


Message History

Okay, then.
Roll where?
Press: ? - help, Dir - move target, f - Crazy Yiuf
Aim: Crazy Yiuf, wielding a +2 quarterstaff of chaos and wearing a +0 cloak of poison resistance (wandering, hasn't noticed you)
You roll forward with a clatter of scales!
Crazy Yiuf shouts!
You closely miss Crazy Yiuf.
Crazy Yiuf drinks a potion.
Crazy Yiuf goes berserk!
Crazy Yiuf closely misses you.
You aren't carrying any scrolls.
Okay, then.
Casting: Magic Dart (safe; 12% risk of failure)
Confirm with . or Enter, or press ? or * to list all spells.
Aiming: Slow (safe; 22% risk of failure)
Press: ? - help, Shift-Dir - straight line, f/p - Crazy Yiuf
Aim: Crazy Yiuf, wielding a +2 quarterstaff of chaos and wearing a +0 cloak of poison resistance (berserk, chance to affect: 46%) Crazy Yiuf seems to slow down.
Crazy Yiuf hits you with a +2 quarterstaff of chaos!
Crazy Yiuf freezes you.
There is an open translucent door here.
Crazy Yiuf attacks as you move away! Crazy Yiuf completely misses you.
Crazy Yiuf is no longer moving slowly.
Casting: Slow (safe; 22% risk of failure)
Confirm with . or Enter, or press ? or * to list all spells.
Aiming: Slow (safe; 22% risk of failure)
Press: ? - help, Shift-Dir - straight line, f/p - Crazy Yiuf
Aim: Crazy Yiuf, wielding a +2 quarterstaff of chaos and wearing a +0 cloak of poison resistance (berserk, chance to affect: 46%)
You miscast Slow.
You are very lightly contaminated with residual magic.
Nothing appears to happen.
Crazy Yiuf hits you with a +2 quarterstaff of chaos.
Crazy Yiuf burns you.
Casting: Slow (safe; 22% risk of failure)
Confirm with . or Enter, or press ? or * to list all spells.
Aiming: Slow (safe; 22% risk of failure)
Press: ? - help, Shift-Dir - straight line, f/p - Crazy Yiuf
Aim: Crazy Yiuf, wielding a +2 quarterstaff of chaos and wearing a +0 cloak of poison resistance (berserk, chance to affect: 46%) Crazy Yiuf seems to slow down.
Crazy Yiuf hits you with a +2 quarterstaff of chaos!!
Ouch! That really hurt!
You die...

.......##
######....#
###.....## ##....###
##.......#### #####
#.......#
..........#.# #..)#
#.......#
..........#.# #...#
#.......#
..........#.# #...#
###....##
##.......##.# ##'##
###....#
##.....###.# ♣♣g♣
#.(..#.# ##......#
#.# ♣@♣♣ #.####.#
......#.# #.# ♣♣.♣
#.# #.# ##..)##.#
#.# ♣.♣♣ #.# #.#
###.###.# #.# ♣♣.♣♣
#.# #.# ....# #.#
#.# ♣...♣♣ #.# #.#
##### #.# #.# ♣....♣
#.# #.#
#######.###.# #....#
#.# #.#
............###....#
#.# #.#
....###...##.###).)#
### #.#


You could see Crazy Yiuf (berserk, slow).

Vanquished Creatures
  A dart slug (D:1)
  2 ball pythons
  2 bats
  7 endoplasms
  3 giant cockroaches
  3 goblins (D:1)
  5 hobgoblins
  2 kobolds (D:2)
  A quokka (D:2)
  4 frilled lizards
  5 rats
35 creatures vanquished.

Notes
Turn   | Place    | Note
-------+----------+-------------------------------------------
     0 | D:1      | xian the Palentonga Hedge Wizard began the quest for the
                  | Orb.
     0 | D:1      | Reached XP level 1. HP: 13/13 MP: 4/4
   271 | D:1      | Reached skill level 1 in Conjurations
   444 | D:1      | Reached XP level 2. HP: 20/20 MP: 3/6
  1146 | D:1      | Found a faded altar of an unknown god.
  1266 | D:1      | Reached XP level 3. HP: 25/25 MP: 2/8
  1925 | D:2      | Learned a level 1 spell: Slow
  1946 | D:2      | Found a runed translucent door.
  1947 | D:2      | Noticed Crazy Yiuf
  2311 | D:2      | Demolished by Crazy Yiuf

Illustrated notes

Levels and vault maps discovered:
D:1:      mrwooster_arrival_statue_3, layout_basic,
          ebering_ecumenical_altar_box, minmay_bisected
D:2:      layout_loops_ring, uniq_crazy_yiuf_cottage

Skill      XL: |  1 |
---------------+----+-----
Conjurations   | 1 |  1.4
Dodging        | |  1.9
Stealth        | |  1.3
Spellcasting   | |  3.8
Summonings     | |  0.7
Translocations | |  1.0

Action                   || total
-------------------------++-------
Melee: Dagger            ||    23
       Tailslap          ||     6
 Cast: Magic Dart        ||    67
       Slow              ||     2
 Abil: Rolling Charge    ||     9
  Use: Scroll            ||     6
       Potion            ||     2
Armor: Robe              ||     8
Dodge: Dodged            ||    11
Block: Buckler           ||     1

Table legend: (Time is in decaauts)
 A = Elapsed time spent in this place.
 B = Non-inter-level travel time spent in this place.
 C = Inter-level travel time spent in this place.
 D = Time resting spent in this place.
 E = Time spent auto-exploring this place.
 F = Levels seen in this place.
 G = Mean time per level.
                   A        B        C        D        E       F      G
               +--------+--------+--------+--------+--------+-----+--------+
         Total |   2310 |   2302 |      8 |    103 |   1955 |   2 | 1155.0 |
       Dungeon |   2310 |   2302 |      8 |    103 |   1955 |   2 | 1155.0 |
               +--------+--------+--------+--------+--------+-----+--------+

Top non-repeatable levels by time:
     D:1: 1339 daAuts
     D:2: 971 daAuts
